 Dungeon Crawl Stone Soup version 0.30-a0-1112-gfb780f5df6 (webtiles) character file.

Game seed: 1024700160972600645

102 hwolsky the Trooper (level 4, 0/41 HPs)
             Began as a Minotaur Fighter on Apr 19, 2023.
             Killed by divine providence
             ... invoked by an orc priest
              (12 damage)
             ... on level 3 of the Dungeon.
             The game lasted 00:07:31 (2176 turns).

hwolsky the Trooper (Minotaur Fighter)              Turns: 2176, Time: 00:07:32

Health: 0/41       AC:  9    Str: 23      XL:     4   Next: 49%
Magic:  3/3        EV:  9    Int:  4 (5)  God:
Gold:   118        SH:  4    Dex:  6 (9)  Spells: 3/3 levels left

rFire   . . .      SeeInvis .    a - +0 war axe (vamp)
rCold   . . .      Faith    .    c - +0 buckler
rNeg    . . .      Spirit   .    b - +0 scale mail
rPois   .          Reflect  .    (helmet restricted)
rElec   .          Rampage  .    (no cloak)
rCorr   .                        h - +1 pair of gloves
Will    .....                    (no boots) Stlth
                                 (no amulet)
HPRegen 0.26/turn                (no ring)
MPRegen 0.08/turn                (no ring)

@: no status effects
A: horns 2, retaliatory headbutt
a: no special abilities


You were on level 3 of the Dungeon.
You visited 1 branch of the dungeon, and saw 3 of its levels.

You collected 118 gold pieces.

Inventory:

Hand Weapons
 a - a +0 vampiric war axe (weapon)
Armour
 b - a +0 scale mail (worn)
 c - a +0 buckler (worn)
 h - a +1 pair of gloves (worn)
Scrolls
 e - a scroll of identify
 j - a scroll of enchant weapon {unknown}
 k - a scroll of fog {unknown}
Potions
 d - a potion of might
 f - 2 potions of brilliance
 g - 2 potions of haste {unknown}
 i - 2 potions of curing {unknown}


   Skills:
 + Level 4.3 Fighting
 * Level 4.1 Axes
 + Level 4.3 Armour
 + Level 4.3 Shields


You had 3 spell levels left.
You didn't know any spells.
Your spell library contained the following spells:

 Spells                   Type           Power      Damage    Failure   Level
 Apportation              Tloc           0%         N/A       88%         1
 Magic Dart               Conj           0%         1d3       88%         1
 Call Imp                 Summ           0%         N/A       95%         2
 Dazzling Flash           Conj/Hex       0%         N/A       99%         3
 Mephitic Cloud           Conj/Pois/Air  0%         N/A       99%         3
 Agony                    Necr           0%         N/A       100%        5
 Alistair's Intoxication  Tmut/Pois      0%         N/A       100%        5
 Silence                  Hex/Air        0%         N/A       100%        5


Dungeon Overview and Level Annotations

Branches:
Dungeon (3/15)

Altars:


Innate Abilities, Weirdness & Mutations

You have a pair of horns on your head.
You reflexively headbutt those who attack you in melee.


Message History

You kill the orc!
You closely miss the orc priest. The orc priest closely misses you.
The orc hits you but does no damage.
The orc priest looks satisfied for a moment.
The orc priest hits you with a +0 hand axe.
The orc priest hits you with a +0 short sword.
You closely miss the orc. You headbutt the orc!
You kill the orc!
You hit the orc priest but do no damage.
You closely miss the orc priest.
The orc priest looks satisfied for a moment.
You block the orc priest's attack. You block the orc priest's attack.
You block the orc's attack.
The orc priest hits you with a +0 hand axe.
The orc priest miscasts a cantrip.
Items here: ))) [.
You closely miss the orc. You hit the orc priest.
You closely miss the orc priest. You completely miss the orc priest.
The orc priest hits you with a +0 short sword.
The orc hits you but does no damage.
The orc priest hits you with a +0 hand axe.
The orc priest calls down the wrath of Beogh upon you.
Beogh smites you! You block the orc priest's attack.
The orc priest barely misses you. You furiously retaliate!
You headbutt the orc priest, but do no damage.
There is an open door here.
The orc priest attacks as you move away!
The orc priest hits you with a +0 hand axe.
* * * LOW HITPOINT WARNING * * *
The orc priest looks encouraged for a moment.
The orc priest calls upon Beogh to heal the orc priest.
The orc priest's wounds heal themselves!
You closely miss the orc priest. The orc priest closely misses you.
You furiously retaliate!
You headbutt the orc priest. You hit the orc priest.
The orc priest is heavily wounded.
The orc priest invokes the aid of Beogh against you.
Beogh smites you!
You die...

....#.######.....(# #.......
....#......'......# #.......
..#>########......########.#.....
###........'.............#.#.####
..........##........####'#'####
....................+.........#
..........######....##........#
.<.................#..........#
..........######@#.#.#........#
...#############o#...#.....####
...### ......oo..###.....# .....#
..........+ +.....# .....#
......)$..# #.....# .....#
..................# .....#
..................# #### ..####
....$.......... #... ..#
.....[....##### #...


You could see 3 orc priests.

Vanquished Creatures
  A gnoll (D:1)
  2 adders (D:2)
  A worm (D:2)
  4 dart slugs
  3 orcs (D:3)
  3 ball pythons
  2 endoplasms
  3 giant cockroaches
  5 goblins
  6 hobgoblins
  4 quokkas
  5 bats
  4 frilled lizards
  8 kobolds
  10 rats
61 creatures vanquished.

Notes
Turn   | Place    | Note
-------+----------+-------------------------------------------
     0 | D:1      | hwolsky the Minotaur Fighter began the quest for the Orb.
     0 | D:1      | Reached XP level 1. HP: 19/19 MP: 0/0
    97 | D:1      | Reached XP level 2. HP: 27/27 MP: 1/1
   222 | D:1      | Reached XP level 3. HP: 26/33 MP: 2/2
   624 | D:2      | Found a faded altar of an unknown god.
  1003 | D:2      | Noticed a scorpion
  1226 | D:2      | Reached XP level 4. HP: 40/40 MP: 3/3
  2176 | D:3      | Killed from afar by an orc priest

Illustrated notes

Levels and vault maps discovered:
D:1:      dpeg_arrival_long_road, layout_basic, minmay_pentomino_z2
D:2:      layout_loops_corners, hellmonk_ecumenical_altar_pennies_from_heaven,
          lightli_corner_chamber
D:3:      layout_basic

Skill      XL: |  1  2  3  4 |
---------------+-------------+-----
Axes           | 3 4 |  4.1
Shields        | 4 |  4.3
Fighting       | 4 |  4.3
Armour         | 4 |  4.3

Action                     |  1- 3 |  4- 6 || total
---------------------------+-------+-------++-------
  Melee: War axe           |    88 |    24 ||   112
         Headbutt          |    11 |     4 ||    15
    Use: Scroll            |     7 |       ||     7
         Potion            |     1 |       ||     1
 Armour: Scale mail        |    63 |    17 ||    80
  Dodge: Dodged            |    47 |    19 ||    66
  Block: Buckler           |    19 |     9 ||    28

Table legend: (Time is in decaauts)
 A = Elapsed time spent in this place.
 B = Non-inter-level travel time spent in this place.
 C = Inter-level travel time spent in this place.
 D = Time resting spent in this place.
 E = Time spent auto-exploring this place.
 F = Levels seen in this place.
 G = Mean time per level.
                   A        B        C        D        E       F      G
               +--------+--------+--------+--------+--------+-----+--------+
         Total |   2223 |   2152 |     71 |      2 |   1546 |   3 |  741.0 |
       Dungeon |   2223 |   2152 |     71 |      2 |   1546 |   3 |  741.0 |
               +--------+--------+--------+--------+--------+-----+--------+

Top non-repeatable levels by time:
     D:2: 1028 daAuts
     D:1: 644 daAuts
     D:3: 550 daAuts
